 Dungeon Crawl Stone Soup version 0.32-a0-918-g0f22ef8d61 (webtiles) character file.

Game seed: 8589338865356601565

142 GabrielManson the Scratcher (level 5, -5/25 HPs)
             Began as a Felid Shapeshifter on Apr 11, 2024.
             Slain by a gnoll
             ... wielding a +2 halberd of freezing
              (11 damage)
             ... on level 3 of the Dungeon.
             The game lasted 00:06:13 (2081 turns).

GabrielManson the Scratcher (Felid Shapeshifter)    Turns: 2081, Time: 00:06:14

Health: -5/25      AC:  1    Str: 12    XL:     5   Next: 3%
Magic:  15/15      EV: 17    Int: 14    God:
Gold:   109        SH:  0    Dex: 15    Spells: 4/4 levels left
                                        Lives:  0   Deaths: 2

rFire   . .          .
                       - Unarmed
rCold   . . .        (shield unavailable)
rNeg    . . .        (body armour unavailable)
rPois   .            (helmet unavailable)
rElec   .            (cloak unavailable)
rCorr   .            (gloves unavailable)
SInv    +            (boots unavailable)
Will    .....        (no amulet)
Stlth   ++           d - ring of magical power
HPRegen 0.24/turn    (no ring)
MPRegen 0.14/turn

%: no passive effects
@: beast-form
A: beast (slay +2), very small, claws 1, fangs 3, see invisible, shaggy fur 1,
stealthy paws, no weapons or thrown items, no armour, multi-lived
a: Begin Untransformation


You were on level 3 of the Dungeon.
You were a hulking beast.
You visited 1 branch of the dungeon, and saw 3 of its levels.

You collected 109 gold pieces.

Inventory:

Jewellery
 d - a ring of magical power (left paw)
Talismans
 b - a beast talisman (active)
 c - a flux talisman
Wands
 f - a wand of flame (2) (quivered)
 i - a wand of iceblast (12)
Scrolls
 e - a scroll of noise
 g - a scroll of enchant weapon
Potions
 a - a potion of lignification
 h - a potion of curing


   Skills:
 - Level 1.0 Fighting
 + Level 3.7 Dodging
 + Level 2.5 Stealth
 * Level 4.0 Unarmed Combat
 * Level 3.6 Shapeshifting


You had 4 spell levels left.
You didn't know any spells.
Your spell library contained the following spells:

 Spells                   Type           Power      Damage    Failure   Level
 Sandblast                Erth           0%         2d4       28%         1
 Ensorcelled Hibernation  Hex/Ice        0%         N/A       41%         2
 Dazzling Flash           Conj/Hex       0%         N/A       65%         3
 Mephitic Cloud           Conj/Alch/Air  0%         N/A       65%         3
 Passwall                 Erth           0%         N/A       65%         3
 Stone Arrow              Conj/Erth      0%         3d7       65%         3
 Swiftness                Air            0%         N/A       65%         3
 Brom's Barrelling Bould  Conj/Erth      0%         2d3       96%         4
 Curse of Agony           Necr           0%         N/A       100%        5
 Silence                  Hex/Air        0%         N/A       100%        5


Dungeon Overview and Level Annotations

Branches:
Dungeon (3/15)

Altars:


Innate Abilities, Weirdness & Mutations

You are a hulking beast.
Your limbs bulge with bestial killing power. (Slay +2)
You have sharp claws.
You have razor-sharp teeth.
You have supernaturally acute eyesight. (SInv)
You are covered in fur. (AC +1)
Your paws help you pounce on unaware monsters.
You are incapable of wielding weapons or throwing items.
You cannot wear armour.
You gain extra lives every three experience levels.


Message History

You have reached level 5!
You barely miss the hobgoblin. Your bite misses the hobgoblin.
The quokka completely misses you. The hobgoblin misses you.
You claw the hobgoblin!
You kill the hobgoblin!
The quokka completely misses you.
You barely miss the quokka. Your bite misses the quokka.
The quokka closely misses you.
You scratch the quokka.
You kill the quokka!
A kobold comes into view. It is wielding a +0 club.
The kobold hits you with a +0 club.
You barely miss the kobold. The kobold barely misses you.
You scratch the kobold.
The kobold is moderately wounded.
You barely miss the kobold.
The kobold is moderately wounded.
The kobold misses you.
You scratch the kobold.
You kill the kobold!
No target in view!
You see here a +0 short sword.
You see here a hobgoblin corpse.
A gnoll comes into view.
It is wielding a +2 halberd of freezing.
Found a stone staircase leading down.
You see here 8 gold pieces.
A gnoll is nearby!
The gnoll shouts!
You hear a shout! x2
Found an escape hatch in the ceiling.
Found a stone staircase leading down.
The gnoll hits you with a +2 halberd of freezing!
Ouch! That really hurt!
The gnoll freezes you.
* * * LOW HITPOINT WARNING * * *
A gnoll comes into view. It is wielding a +0 whip.
You are too injured to fight recklessly!
Aiming: Iceblast
Press: ? - help, Shift-Dir - straight line
Okay, then.
The gnoll hits you from afar with a +2 halberd of freezing!
You die...

######)###..)######
......†.#..######## #
#######).#.##...... #.
##†#...........
####.#####.###..#.######
........$.## ##.#.#
........##.## .##.#
####.##.# #.#.###.#
.....##h####.#....##
##..<........##...#
.......g...........#
######..#####.##...#
g... # ..### ##..# ....
#..# ..... ..>. #####.
...#


You could see 2 gnolls.

Vanquished Creatures
  Natasha (thrice) (D:2)
  An adder (D:2)
  A ribbon worm (D:3)
  An orc (D:2)
  6 ball pythons
  4 endoplasms
  5 giant cockroaches
  3 goblins (D:2)
  4 hobgoblins
  A jackal (D:1)
  3 kobolds
  5 quokkas
  8 bats
  4 frilled lizards
  6 rats
55 creatures vanquished.

Notes
Turn   | Place    | Note
-------+----------+-------------------------------------------
     0 | D:1      | GabrielManson the Felid Shapeshifter began the quest for
                  | the Orb.
     0 | D:1      | Reached XP level 1. HP: 10/10 MP: 2/2
   101 | D:1      | Found a faded altar of an unknown god.
   459 | D:1      | Reached XP level 2. HP: 14/14 MP: 3/3
   470 | D:1      | Reached skill level 1 in Stealth
   869 | D:2      | Noticed Natasha
   876 | D:2      | Killed Natasha
   877 | D:2      | Reached XP level 3. HP: 9/18 MP: 4/4
  1179 | D:2      | Reached XP level 4. HP: 22/22 MP: 5/5
  1179 | D:2      | Gained a life (2 lives remaining)
  1224 | D:2      | Noticed Natasha
  1233 | D:2      | Slain by a cerulean imp
  1233 | D:2      | Lost a life (1 life remaining)
  1314 | D:2      | Killed Natasha
  1319 | D:2      | Noticed Natasha
  1329 | D:2      | Slain by Natasha
  1329 | D:2      | Lost a life (0 lives remaining)
  1440 | D:2      | Killed Natasha
  2053 | D:3      | Reached skill level 4 in Unarmed Combat
  2053 | D:3      | Reached XP level 5. HP: 25/25 MP: 6/6
  2081 | D:3      | Slain by a gnoll

Illustrated notes

Levels and vault maps discovered:
D:1:      elethiomel_arrival_quiet, layout_basic,
          shapermc_ecumenical_altar_venn, minmay_split_cup_small
D:2:      layout_basic, uniq_natasha
D:3:      layout_loops_ring, mainiacjoe_overflow_surrounded_room

Skill      XL: |  1  2  3  4 |
---------------+-------------+-----
Stealth        | 1 2 |  2.5
Dodging        | 3 |  3.7
Shapeshifting  | 3 |  3.6
Unarmed Combat | 4 |  4.0
Fighting       | |  1.0

Action                     |  1- 3 |  4- 6 || total
---------------------------+-------+-------++-------
  Melee: Unarmed           |    83 |    46 ||   129
         Bite              |     5 |     6 ||    11
  Evoke: Wand              |       |     4 ||     4
    Use: Scroll            |     2 |     1 ||     3
         Potion            |     1 |       ||     1
   Stab: Sleeping          |     4 |     1 ||     5
         Distracted        |       |     1 ||     1
 Armour: Skin              |    35 |    22 ||    57
  Dodge: Dodged            |    57 |    39 ||    96

Table legend: (Time is in decaauts)
 A = Elapsed time spent in this place.
 B = Non-inter-level travel time spent in this place.
 C = Inter-level travel time spent in this place.
 D = Time resting spent in this place.
 E = Time spent auto-exploring this place.
 F = Levels seen in this place.
 G = Mean time per level.
                   A        B        C        D        E       F      G
               +--------+--------+--------+--------+--------+-----+--------+
         Total |   2078 |   2040 |     38 |    323 |   1252 |   3 |  692.7 |
       Dungeon |   2078 |   2040 |     38 |    323 |   1252 |   3 |  692.7 |
               +--------+--------+--------+--------+--------+-----+--------+

Top non-repeatable levels by time:
     D:2: 962 daAuts
     D:1: 821 daAuts
     D:3: 294 daAuts
